 Dungeon Crawl Stone Soup version 0.29.1-15-g9cfb28693d (webtiles) character file.

Game seed: 7251658041728402926

14970 javelincjr the Fighter (level 11, -13/80 HPs)
             Began as a Demonspawn Hedge Wizard on Apr 20, 2023.
             Was a High Priest of Hepliaklqana.
             Mangled by Snorg (14 damage)
             ... on level 11 of the Dungeon on Apr 21, 2023.
             The game lasted 01:20:09 (13312 turns).

javelincjr the Fighter (Demonspawn Hedge Wizard)   Turns: 13312, Time: 01:20:10

Health: -13/80     AC: 10    Str: 16    XL:     11   Next: 95%
Magic:  0/32       EV: 13    Int: 17    God:    Hepliaklqana [*****.]
Gold:   604        SH:  5    Dex: 12    Spells: 15/26 levels left

rFire   + + +      SeeInvis +   M - +6 rapier "Boekuasast" {vorpal, Fragile rElec rF++ rC+}
rCold   + . .      Faith    .   x - +0 buckler
rNeg    . . .      Spirit   +   G - +2 robe {Archmagi}
rPois   .          Reflect  .   c - +2 hat
rElec   +          Harm     .   F - +0 cloak
rCorr   .          Rampage  .   L - +0 pair of gloves
Will    .....      Archmagi +   R - +0 pair of boots
Stlth   ++........ Rnd*Tele +   (no amulet)
HPRegen 0.23/turn               z - ring of magical power
MPRegen 0.46/turn               D - ring of flight

@: flying
A: reduced essence, rugged brown scales 1, spiny 1, magic shield, magic
regeneration, magic link, weakness stinger 2, see invisible, fire resistance 1,
strong 1, teleportitis 1
a: Renounce Religion, Recall Ancestor, Ancestor Identity, Transference, Idealise


You were on level 11 of the Dungeon.
You worshipped Hepliaklqana.
Hepliaklqana was extremely pleased with you.
You visited 1 branch of the dungeon, and saw 12 of its levels.

You collected 604 gold pieces.

Inventory:

Hand Weapons
 u - a +0 dagger of protection
 E - a +4 quarterstaff of chaos
 H - a +4 halberd of freezing
 M - the +6 rapier "Boekuasast" (weapon) {vorpal, Fragile rElec rF++ rC+}
   (You found it on level 8 of the Dungeon)

   It inflicts extra damage upon your enemies.
   rF:        It greatly protects you from fire.
   rC:        It protects you from cold.
   rElec:     It insulates you from electricity.
   Fragile:   It will be destroyed if unequipped.
 N - a +1 short sword of flaming
 P - a +3 dagger of freezing
Missiles
 K - 6 curare-tipped darts
Armour
 a - a +0 troll leather armour
 b - the +1 ring mail of the Planets {Contam Str+7 Dex+3}
   (You found it on level 10 of the Dungeon)

   Str:       It affects your strength (+7).
   Dex:       It affects your dexterity (+3).
   Contam:    It causes magical contamination when unequipped.
 c - a +2 hat (worn)
 q - a +2 robe of cold resistance
 x - a +0 buckler (worn)
 F - a +0 cloak (worn)
 G - a +2 robe of the Archmagi (worn)
 L - a +0 pair of gloves (worn)
 R - a +0 pair of boots (worn)
 T - the +0 helmet of Tagir {Dex+3}
   (You found it on level 12 of the Dungeon)

   Dex:       It affects your dexterity (+3).
Jewellery
 j - a ring of ice
 w - a ring of positive energy
 z - a ring of magical power (left hand)
 D - a ring of flight (right hand)
Wands
 y - a wand of digging (5)
 J - a wand of iceblast (21)
 S - a wand of charming (5)
Scrolls
 f - 4 scrolls of poison
 g - 2 scrolls of butterflies
 h - 2 scrolls of torment
 i - a scroll of magic mapping {unknown}
 p - 2 scrolls of brand weapon {unknown}
 r - a scroll of fear
 s - 6 scrolls of teleportation
 C - 2 scrolls of immolation {unknown}
 I - 2 scrolls of enchant weapon
 O - a scroll of identify
Potions
 d - a potion of magic
 e - 3 potions of haste
 k - 3 potions of mutation
 l - 2 potions of brilliance
 m - 4 potions of attraction
 n - 4 potions of lignification
 o - 6 potions of curing
 t - 2 potions of cancellation
 v - 2 potions of resistance
 A - 3 potions of might
 B - a potion of heal wounds {unknown}
Miscellaneous
 Q - a lightning rod (4/4)


   Skills:
 * Level 8.3 Fighting
 + Level 2.7 Short Blades
 - Level 1.6 Staves
 - Level 3.1 Armour
 + Level 5.7 Dodging
 - Level 1.7 Stealth
 + Level 4.6 Shields
 * Level 8.3 Spellcasting
 + Level 5.9 Conjurations
 + Level 6.0 Summonings
 + Level 5.3 Translocations
 + Level 2.5 Air Magic
 + Level 2.8 Poison Magic
 + Level 6.8 Invocations


You had 15 spell levels left.
You knew the following spells:

 Your Spells              Type           Power      Damage    Failure   Level
a - Magic Dart            Conj           100%       1d8       1%          1
b - Call Imp              Summ           41%        N/A       1%          2
c - Blink                 Tloc           74%        N/A       2%          2
d - Mephitic Cloud        Conj/Pois/Air  29%        N/A       9%          3
e - Call Canine Familiar  Summ           41%        N/A       3%          3

Your spell library contained the following spells:

 Spells                   Type           Power      Damage    Failure   Level
 Apportation              Tloc           74%        N/A       1%          1
 Conjure Flame            Conj/Fire      25%        6-21      12%         3
 Slow                     Hex            40%        N/A       13%         1
 Portal Projectile        Hex/Tloc       48%        N/A       13%         3
 Confusing Touch          Hex            10%        N/A       36%         3
 Vampiric Draining        Necr           10%        2d6       36%         3
 Leda's Liquefaction      Hex/Erth       5%         N/A       78%         4
 Alistair's Intoxication  Tmut/Pois      11%        N/A       89%         5


Dungeon Overview and Level Annotations

Branches:
Dungeon (12/15)            Temple (0/1) D:5            Lair (0/5) D:11
    Orc: D:9-12

Altars:
Ashenzari
Hepliaklqana
Makhleb
Nemelex Xobeh
Ru
Trog
Vehumet
Xom

Portals:
Trove: D:11 (give +5 fire dragon scales)

Annotations:
D:11 Snorg


Innate Abilities, Weirdness & Mutations

Your life essence is reduced to manifest your ancestor. (-10% HP)
You are partially covered in rugged brown scales. (AC +1, +3% HP)
You are partially covered in sharp spines.
When hurt, damage is shared between your health and your magic reserves.
You regenerate magic rapidly.
When low on magic, you restore magic in place of health.
You have a tail ending in a sharp stinger.
You have supernaturally acute eyesight. (SInv)
Your flesh is heat resistant. (rF+)
Your muscles are strong. (Str +4, Int/Dex -1)
You are occasionally teleported next to monsters.


Message History

The unseen horror hits Sanele. x2; Snorg bites you!!
Snorg barely misses you. Snorg claws you but does no damage.
Sanele casts a spell at Snorg.
The puff of frost hits Snorg.
The unseen horror hits Sanele!
You closely miss Snorg.
Snorg is moderately wounded.
You feel stable enough to blink again.
The unseen horror hits Sanele!
The unseen horror closely misses Sanele.
Snorg is struck by your spines. Snorg bites you!! Snorg misses you.
Snorg claws you!
The unseen horror hits Sanele.
Sanele closely misses the unseen horror.
Snorg is struck by your spines. Snorg completely misses you.
Snorg barely misses you. Snorg claws you!
* * * LOW HITPOINT WARNING * * *
Casting: Blink (safe; 2% risk of failure)
Confirm with . or Enter, or press ? or * to list all spells.
You feel a surge of power!
You blink.
The unseen horror hits you.
* * * LOW HITPOINT WARNING * * *
You hear a shout!
You feel stable enough to blink again.
Snorg rages.
The unseen horror barely misses you.
There is an open door here.
The unseen horror attacks as you move away!
The unseen horror hits you!
* * * LOW HITPOINT WARNING * * *
The unseen horror closely misses you.
As you read the scroll of fear, it crumbles to dust.
You assume a fearsome visage.
The unseen horror looks frightened!
Snorg is unaffected.
Snorg bites you but does no damage. Snorg barely misses you. Snorg claws you!
* * * LOW HITPOINT WARNING * * *
Snorg bites you.
* * * LOW HITPOINT WARNING * * *
Snorg claws you.
* * * LOW HITPOINT WARNING * * *
Snorg claws you!
You die...

#.#.R...#### #######
#.#.########
##.....###.#.........
#..###.....##########
#.##<#####.##########
#)#...# #...........
#.#.8.# #...........
#.#...# #..........#
#.##@## #..........#
#.##T#######.......<.
#.#...##...####....##
#.'.8.R..8[># #....##
###...##...## #....##
##x####### #......
##.## #....## #...#
#....# #.8.# #....#


You could see the friendly Sanele the battlemage, Snorg (berserk, ally target)
and an unseen horror (invisible, fleeing).

Vanquished Creatures
  A boulder beetle (D:7)
  A two-headed ogre (D:10)
  Pikel (D:7)
  An ugly thing (D:11)
  A deep elf pyromancer (D:11)
  Maurice (D:8)
  An unseen horror (D:11)
  3 trolls
  A hornet (D:10)
  A shadow (D:11)
  A wyvern (D:10)
  3 yaks (D:10)
  A steam dragon (D:9)
  An acid dragon (D:12)
  A black bear (D:4)
  2 orc warriors (D:7)
  A centaur (D:11)
  A wolf (D:8)
  2 ogres
  A kobold brigand (D:9)
  A bullfrog (D:8)
  A necrophage (D:7)
  3 wights
  8 killer bees
  Crazy Yiuf (D:6)
  An orc priest (D:10)
  3 gnolls
  An adder (D:3)
  2 worms
  3 dart slugs
  9 orcs
  6 bats
  6 endoplasms
  2 giant cockroaches
  9 goblins
  10 hobgoblins
  A jackal (D:5)
  16 kobolds
  3 quokkas
  3 ball pythons
  4 frilled lizards
  8 rats
127 creatures vanquished.

Vanquished Creatures (collateral kills)
  Fannar (D:10)
  A boulder beetle (D:9)
  A two-headed ogre (D:10)
  A deep elf pyromancer (D:7)
  2 cyclopes
  A gargoyle (D:12)
  Joseph (D:7)
  3 trolls
  Grinder (D:4)
  2 yaks
  A wraith (D:9)
  A vampire (D:9)
  A wyvern (D:10)
  2 basilisks (D:11)
  Grum (D:8)
  Menkaure (D:6)
  2 acid dragons
  A sky beast (D:7)
  An ice beast (D:7)
  4 orc warriors
  A black bear (D:6)
  2 ogres
  3 wolves (D:8)
  A centaur (D:7)
  A lemure (D:7)
  A kobold brigand (D:4)
  2 phantoms
  2 bullfrogs (D:9)
  2 gnoll sergeants
  A necrophage (D:8)
  7 wights
  A killer bee (D:9)
  A howler monkey (D:7)
  2 jellies
  6 orc priests
  A gnoll bouda (D:7)
  2 hounds (D:6)
  Jessica (D:3)
  An iguana (D:6)
  3 orc wizards
  Terence (D:3)
  7 adders
  9 gnolls
  A white imp (D:7)
  3 ufetubi
  2 worms
  4 dart slugs
  11 orcs
  A ball python (D:4)
  An endoplasm (D:2)
  2 goblins (D:2)
  2 hobgoblins
  3 jackals
  A quokka (D:1)
  3 frilled lizards
  5 kobolds
  3 bushes (D:4)
129 creatures vanquished.

Vanquished Creatures (others)
  An orc priest (D:11)
  13 battlemagi
  18 plants (D:4)
32 creatures vanquished.

Grand Total: 288 creatures vanquished

Notes
Turn   | Place    | Note
-------+----------+-------------------------------------------
     0 | D:1      | javelincjr the Demonspawn Hedge Wizard began the quest for
                  | the Orb.
     0 | D:1      | Reached XP level 1. HP: 13/13 MP: 4/4
   180 | D:1      | Reached skill level 1 in Translocations
   296 | D:1      | Gained mutation: You regenerate magic rapidly. [demonic
                  | ancestry]
   296 | D:1      | Reached XP level 2. HP: 20/20 MP: 1/6
   299 | D:1      | Learned a level 2 spell: Call Imp
   302 | D:1      | Learned a level 2 spell: Blink
   478 | D:1      | Found a faded altar of an unknown god.
   481 | D:1      | Prayed at the altar of an unknown god.
   481 | D:1      | Became a worshipper of Hepliaklqana the Forgotten
   481 | D:1      | Reached * piety under Hepliaklqana
   569 | D:1      | Reached skill level 1 in Fighting
   900 | D:1      | Reached XP level 3. HP: 22/23 MP: 3/7
  1679 | D:2      | Reached ** piety under Hepliaklqana
  1681 | D:2      | Remembered your ancestor Sanele as a battlemage
  1688 | D:2      | Gained mutation: When hurt, damage is shared between your
                  | health and your magic reserves. [demonic ancestry]
  1688 | D:2      | Reached XP level 4. HP: 29/29 MP: 9/9
  2532 | D:3      | Noticed Terence
  2539 | D:3      | Killed Terence
  2546 | D:3      | Gained mutation: You are partially covered in sharp spines.
                  | [demonic ancestry]
  2546 | D:3      | Reached XP level 5. HP: 34/34 MP: 3/10
  2593 | D:3      | Noticed Jessica
  2602 | D:3      | Killed Jessica
  3155 | D:3      | Reached *** piety under Hepliaklqana
  3431 | D:4      | Noticed a phantom
  3442 | D:4      | Killed a phantom
  3443 | D:4      | Gained mutation: You are partially covered in rugged brown
                  | scales. (AC +1, +3% HP) [demonic ancestry]
  3443 | D:4      | Reached XP level 6. HP: 34/42 MP: 2/12
  3876 | D:4      | Found a bloodstained altar of Trog.
  3876 | D:4      | Found a sparkling altar of Nemelex Xobeh.
  3975 | D:4      | Noticed Grinder
  3996 | D:4      | Killed Grinder
  3997 | D:4      | Reached skill level 1 in Shields
  3997 | D:4      | Reached skill level 1 in Invocations
  3997 | D:4      | Reached XP level 7. HP: 48/48 MP: 4/14
  4170 | D:4      | Reached skill level 1 in Armour
  4225 | D:5      | Entered Level 5 of the Dungeon
  4277 | D:5      | Found a burning altar of Makhleb.
  4761 | D:5      | Found a staircase to the Ecumenical Temple.
  5021 | D:6      | Reached skill level 5 in Spellcasting
  5021 | D:6      | Reached XP level 8. HP: 36/55 MP: 9/15
  5024 | D:6      | Noticed Menkaure
  5030 | D:6      | Killed Menkaure
  5266 | D:6      | Found a radiant altar of Vehumet.
  5321 | D:6      | Reached **** piety under Hepliaklqana
  5507 | D:6      | Found a runed translucent door.
  5508 | D:6      | Noticed Crazy Yiuf
  5520 | D:6      | Killed Crazy Yiuf
  5874 | D:7      | Reached skill level 5 in Fighting
  5908 | D:7      | Noticed Pikel
  5943 | D:7      | Killed Pikel
  5944 | D:7      | Gained mutation: You have a small tail. [demonic ancestry]
  5944 | D:7      | Reached XP level 9. HP: 30/63 MP: 7/17
  6171 | D:7      | Noticed Joseph
  6508 | D:7      | Killed Joseph
  7773 | D:7      | Noticed a boulder beetle
  7774 | D:7      | Noticed a troll
  7784 | D:7      | Noticed a deep elf pyromancer
  7841 | D:7      | Killed a troll
  8064 | D:7      | Noticed a cyclops
  8080 | D:7      | Killed a cyclops
  8081 | D:7      | Gained mutation: You have a tail ending in a sharp stinger.
                  | [demonic ancestry]
  8081 | D:7      | Reached XP level 10. HP: 44/70 MP: 11/19
  8163 | D:7      | Killed a deep elf pyromancer
  8216 | D:7      | Killed a boulder beetle
  8217 | D:7      | Reached skill level 1 in Staves
  8217 | D:7      | Reached skill level 5 in Invocations
  8598 | D:7      | Gained mutation: Your body sometimes deteriorates upon
                  | taking damage. [potion of mutation]
  8598 | D:7      | Gained mutation: Your flesh is heat resistant. (rF+)
                  | [potion of mutation]
  8598 | D:7      | Gained mutation: You are occasionally teleported next to
                  | monsters. [potion of mutation]
  8598 | D:7      | Gained mutation: You have a pair of small antennae on your
                  | head. [potion of mutation]
  8610 | D:7      | Lost mutation: You have a pair of small antennae on your
                  | head. [potion of mutation]
  8610 | D:7      | Lost mutation: Your body sometimes deteriorates upon taking
                  | damage. [potion of mutation]
  8610 | D:7      | Gained mutation: You have supernaturally acute eyesight.
                  | (SInv) [potion of mutation]
  8610 | D:7      | Gained mutation: Your muscles are strong. (Str +4, Int/Dex
                  | -1) [potion of mutation]
  8717 | D:8      | Reached ***** piety under Hepliaklqana
  8861 | D:8      | Found a shimmering altar of Xom.
  8863 | D:8      | Noticed Grum
  8874 | D:8      | Killed Grum
  9057 | D:8      | Noticed Maurice
  9110 | D:8      | Found a hazy altar of Hepliaklqana.
  9242 | D:8      | Identified the +6 rapier "Boekuasast" {vorpal, Fragile
                  | rElec rF++ rC+}
  9264 | D:8      | Learned a level 3 spell: Mephitic Cloud
  9279 | D:8      | Killed Maurice
  9280 | D:8      | Reached skill level 5 in Summonings
  9552 | D:9      | Reached skill level 1 in Poison Magic
  9564 | D:9      | Reached skill level 5 in Dodging
  9639 | D:9      | Found a sacrificial altar of Ru.
  9703 | D:9      | Reached skill level 1 in Short Blades
  9703 | D:9      | Reached skill level 5 in Conjurations
  9980 | D:9      | Reached skill level 1 in Air Magic
 10319 | D:9      | Noticed a boulder beetle
 10344 | D:9      | Killed a boulder beetle
 10345 | D:9      | Gained mutation: When low on magic, you restore magic in
                  | place of health. [demonic ancestry]
 10345 | D:9      | Reached XP level 11. HP: 46/78 MP: 16/22
 10908 | D:10     | Entered Level 10 of the Dungeon
 10960 | D:10     | Noticed a two-headed ogre
 10972 | D:10     | Killed a two-headed ogre
 11077 | D:10     | Noticed a two-headed ogre
 11088 | D:10     | Killed a two-headed ogre
 11193 | D:10     | Found a broken altar of Ashenzari.
 11303 | D:10     | Learned a level 3 spell: Call Canine Familiar
 11373 | D:10     | Identified the +1 ring mail of the Planets {Contam Str+7
                  | Dex+3}
 11462 | D:10     | Noticed Fannar
 11483 | D:10     | Killed Fannar
 11787 | D:10     | Reached skill level 5 in Translocations
 12183 | D:11     | Noticed a green ugly thing
 12193 | D:11     | Killed a green ugly thing
 12203 | D:11     | Found a portal to a secret trove of treasure.
 12206 | D:11     | Found a staircase to the Lair.
 12915 | D:12     | Identified the +0 helmet of Tagir {Dex+3}
 12926 | D:12     | Noticed Snorg
 12948 | D:12     | Noticed a deep elf pyromancer
 12961 | D:12     | Noticed a two-headed ogre
 13161 | D:11     | Killed a deep elf pyromancer
 13312 | D:11     | HP: 3/80 [Snorg (5)]
 13312 | D:11     | HP: 1/80 [Snorg (2)]
 13312 | D:11     | Mangled by Snorg

Illustrated notes

Levels and vault maps discovered:
D:1:      sevenhm_arrival_forest_fort_large_2, layout_loops_ring,
          hellmonk_ecumenical_altar_inner_sanctum
D:2:      layout_loops_ring
D:3:      layout_basic, uniq_terence, uniq_jessica
D:4:      layout_loops_cross, gammafunk_temple_overflow_claw,
          lexackson_kobold_supper, uniq_grinder
D:5:      layout_cave_pools, lemuel_round_altar, minmay_temple_entry_poolview
D:6:      layout_rooms, general_overflow_altar, uniq_menkaure,
          uniq_crazy_yiuf_cottage
D:7:      minmay_chambers_of_sevens, layout_layer_cave,
          kennysheep_generic_room_6, uniq_pikel, uniq_joseph
D:8:      layout_rooms, kennysheep_mini_moat,
          mainiacjoe_overflow_concentric_impassable, serial_aquarium,
          aquarium_bridge_square [aquarium_subvault_window,
          aquarium_subvault_bridge, aquarium_subvault_wall,
          aquarium_subvault_bridge], aquarium_bridge_square
          [aquarium_subvault_window, aquarium_subvault_window,
          aquarium_subvault_window, aquarium_subvault_bridge],
          aquarium_window_1, aquarium_window_corner, aquarium_window_corridor_1,
          aquarium_view_2c, aquarium_balcony_5a, uniq_grum, uniq_maurice
D:9:      layout_basic, nicolae_ru_awakened_eye, serial_glass, glass_columns_a,
          glass_columns_a, nzn_sisyphean_effort
D:10:     layout_roguey, nicolae_ashenzari_skybound, grunt_decor_cap,
          uniq_fannar
D:11:     layout_rooms, david_lair_generic, enter_trove_2, grunt_ministairs_5
D:12:     layout_roguey, david_orc_1_choice, minivault_23, uniq_urug, uniq_snorg

Skill      XL: |  1  2  3  4  5  6  7  8  9 10 11 |
---------------+----------------------------------+-----
Translocations | 1 2 3 4 5 |  5.3
Fighting       | 1 2 3 4 5 6 7 8 |  8.3
Dodging        | 2 3 4 5 |  5.7
Summonings     | 2 3 4 5 6 |  6.0
Spellcasting   | 4 5 6 7 8 |  8.3
Conjurations   | 2 3 4 5 |  5.9
Shields        | 1 2 3 4 |  4.6
Invocations    | 1 2 3 4 5 6 |  6.8
Armour         | 1 2 3 |  3.1
Staves         | 1 |  1.6
Poison Magic   | 1 2 |  2.8
Short Blades   | 1 2 |  2.7
Air Magic      | 1 2 |  2.5
Stealth        | |  1.7

Action                   |  1- 3 |  4- 6 |  7- 9 | 10-12 || total
-------------------------+-------+-------+-------+-------++-------
Melee: Dagger            |    12 |       |       |       ||    12
       Hand axe          |     1 |    40 |     4 |       ||    45
       Punch             |       |     1 |       |       ||     1
       Quarterstaff      |       |       |    22 |    27 ||    49
       Tailslap          |       |       |     2 |    25 ||    27
       Rapier            |       |       |       |    90 ||    90
 Cast: Magic Dart        |    91 |   137 |   166 |   145 ||   539
       Call Imp          |     1 |     6 |    22 |    16 ||    45
       Blink             |       |       |     5 |     7 ||    12
       Mephitic Cloud    |       |       |       |    13 ||    13
       Call Canine Famil |       |       |       |    10 ||    10
Invok: Ancestor Life: Ba |     1 |       |       |       ||     1
       Recall Ancestor   |       |       |       |     2 ||     2
Evoke: Wand              |       |       |       |     1 ||     1
  Use: Scroll            |       |     4 |       |    19 ||    23
       Potion            |       |       |     2 |     2 ||     4
 Stab: Sleeping          |     1 |       |     1 |       ||     2
       Distracted        |       |       |     1 |     3 ||     4
Armor: Robe              |       |     3 |     2 |    26 ||    31
       Skin              |       |       |     5 |       ||     5
Dodge: Dodged            |    16 |    15 |    32 |   109 ||   172
Block: Buckler           |       |       |       |    28 ||    28
